 Dungeon Crawl Stone Soup version 0.19.1 (webtiles) character file.

685612 RKaid the Axe Maniac (level 27, -26/273 HPs)
             Began as a Minotaur Fighter on Nov 19, 2016.
             Was the Champion of Okawaru.
             Killed from afar by Samim the pandemonium lord (43 damage)
             ... with a living lightning
             ... on level 11 of the Dungeon on Dec 19, 2016.
             The game lasted 03:15:49 (60404 turns).

RKaid the Axe Maniac (Minotaur Fighter)            Turns: 60404, Time: 03:15:50

Health: -26/273    AC: 59    Str: 33    XL:     27
Magic:  29/31      EV: 29    Int:  9    God:    Okawaru [******]
Gold:   3657       SH:  0    Dex: 16    Spells: 4 memorised, 31 levels left

rFire  + . .     SeeInvis +     a - +6 battleaxe (vamp) {!w}
rCold  . . .     Gourm    .     X - +14 crystal plate armour of Indomitability {rF+ Int+4 Dex+2, holy fuck!}
rNeg   . . .     Faith    .     (shield currently unavailable)
rPois  .         Spirit   .     s - +2 hat {MR+}
rElec  .         Reflect  .     N - +2 cloak {MR+}
rCorr  .         Harm     .     F - +2 pair of gloves {Str+3}
MR     ++++.                    J - +2 pair of boots {run}
Stlth  ..........               v - amulet of regeneration {+regen, !d}
                                p - +5 ring of evasion
                                R - ring of see invisible {sInv, !d}

@: exhausted, heroism, slowed, very slow
A: retaliatory headbutt, horns 2, low mp 1
a: Heroism, Finesse, Renounce Religion
0: Orb of Zot
}: 3/15 runes: decaying, serpentine, silver


You were on level 11 of the Dungeon.
You worshipped Okawaru.
Okawaru was exalted by your worship.
You were not hungry.

You visited 9 branches of the dungeon, and saw 47 of its levels.
You visited 1 bazaar.
You also visited: Labyrinth, Volcano and Wizlab.

You collected 6613 gold pieces.
You spent 2956 gold pieces at shops.

Inventory:

Hand Weapons
 a - a +6 vampiric battleaxe (weapon) {!w}
   (You took it off Rupert on level 2 of the Orcish Mines)
 b - the +4 executioner's axe of Ilarr {speed, Str+4}
   (Okawaru gifted it to you on level 2 of the Swamp)

   Attacks with this weapon are significantly faster.
   It affects your strength (+4).
 y - the +10 battleaxe of Udecam {freeze, rF+ Int+4 Stlth+}
   (Okawaru gifted it to you on level 2 of the Swamp)

   It has been specially enchanted to freeze those struck by it, causing extra
   injury to most foes and up to half again as much damage against particularly
   susceptible opponents.
   It can also slow down cold-blooded creatures.
   It affects your intelligence (+4).
   It protects you from fire.
   It makes you more stealthy.
Armour
 s - a +2 hat of magic resistance (worn)
   (Okawaru gifted it to you in a volcano)
 x - +0 gold dragon scales {rC+, rF+, rPois}
   (You found it on level 2 of the Depths)
 F - a +2 pair of gloves of strength (worn)
   (You bought it in a shop on level 2 of the Orcish Mines)
 J - a +2 pair of boots of running (worn)
   (You found it on level 4 of the Snake Pit)
 N - a +2 cloak of magic resistance (worn)
   (You took it off Nikola on level 4 of the Swamp)
 S - the +2 cloak of the Wumpus {+Inv rElec Regen+ Str-4}
   (Okawaru gifted it to you on level 3 of the Vaults)

   It affects your strength (-4).
   It insulates you from electricity.
   It lets you turn invisible.
   It increases your rate of regeneration.
 X - the +14 crystal plate armour of Indomitability (worn) {rF+ Int+4 Dex+2, holy fuck!}
   (Okawaru gifted it to you on level 2 of the Depths)

   It affects your intelligence (+4).
   It affects your dexterity (+2).
   It protects you from fire.
Jewellery
 j - an uncursed ring of resist corrosion
   (You took it off a vault warden on level 5 of the Vaults)
 p - a +5 ring of evasion (right hand)
   (You found it on level 6 of the Dungeon)
 v - an amulet of regeneration (around neck) {+regen, !d}
   (You found it on level 3 of the Dungeon)
 z - an uncursed ring of protection from cold {rC+, !d}
   (You took it off a draconian knight on level 5 of the Realm of Zot)
 C - an uncursed ring of protection from magic {MR+, !d}
   (You found it on level 3 of the Vaults)
 P - an uncursed ring of protection from cold {rC+, !d}
   (You found it on level 15 of the Dungeon)
 R - a ring of see invisible (left hand) {sInv, !d}
   (You found it on level 12 of the Dungeon)
 Z - the amulet "Faefakucw" {RegenMP rPois rF++}
   (You found it on level 1 of the Vaults)

   [amulet of magic regeneration]

   It increases your magic regeneration.
   It greatly protects you from fire.
   It protects you from poison.
Wands
 h - a wand of iceblast (5/15)
   (You found it on level 2 of the Snake Pit)
 u - a wand of acid (4/15)
   (You acquired it on level 8 of the Dungeon)
 A - a wand of acid (6/15)
   (You found it on level 4 of the Realm of Zot)
 G - a wand of digging (8/24)
   (You found it on level 3 of the Vaults)
 W - a wand of iceblast (6/15)
   (You found it in a labyrinth)
Scrolls
 g - 7 scrolls of fog
 i - 17 scrolls of identify
 q - 20 scrolls of remove curse
 r - 15 scrolls of recharging
 B - 2 scrolls of summoning
 E - 11 scrolls of teleportation
 H - 8 scrolls of magic mapping {!r}
 K - 4 scrolls of enchant armour
 M - 4 scrolls of holy word {!r}
 V - a scroll of silence
 Y - a scroll of fear
Potions
 c - 3 potions of haste
 d - 5 potions of might
 e - 6 potions of lignification {!q}
 l - 3 potions of invisibility
 m - 4 potions of cancellation
 n - a potion of heal wounds
 o - 5 potions of flight
 t - 5 potions of curing
 I - a potion of cure mutation {!q}
 L - 3 potions of ambrosia
 O - 5 potions of resistance
 Q - 6 potions of agility
 U - 2 potions of berserk rage {!q}
Miscellaneous
 w - a phantom mirror
Comestibles
 f - 17 bread rations
 k - 21 meat rations


   Skills:
 O Level 27 Fighting
 O Level 27 Axes
 O Level 27 Armour
 + Level 25.3(27) Dodging
   Level 4.0(9.0) Shields
 + Level 6.9 Spellcasting
 - Level 18.0 Invocations


You had 31 spell levels left.
You knew the following spells:

 Your Spells              Type           Power        Failure   Level  Hunger
A - Animate Skeleton      Necr           N/A          88%         1    None
B - Blink                 Tloc           N/A          97%         2    ##.....
C - Regeneration          Chrm/Necr      #.........   100%        3    ###....
E - Repel Missiles        Chrm/Air       #.....       97%         2    ##.....


Dungeon Overview and Level Annotations

Branches:
Dungeon (15/15)            Temple (1/1) D:7            Lair (6/6) D:8
  Swamp (4/4) Lair:3        Snake (4/4) Lair:3        Slime (0/5) Lair:5
    Orc (2/2) D:10            Elf (0/3) Orc:2        Vaults (5/5) D:13
  Crypt (0/3) Vaults:2     Depths (5/5) D:15            Zot (5/5) Depths:5

Altars:
Ashenzari
Cheibriados
Dithmenos
Elyvilon
Fedhas
Gozag
Hepliaklqana
Kikubaaqudgha
Makhleb
Nemelex Xobeh
Okawaru
Qazlal
Ru
Sif Muna
Trog
Uskayaw
Vehumet
Xom
Yredelemnul
Zin
The Shining One
Beogh

Shops:
D:6 *   D:8 }   D:12 (   Orc:2 ![([   Snake:3 *(   Snake:4 (=   Vaults:1 *
Vaults:3 %   Depths:1 :

Portals:
Hell: Depths:1 Depths:2 Depths:3 Depths:4 Depths:5
Abyss: Depths:4
Pandemonium: Depths:2 Depths:3
Ziggurat: Depths:3

Annotations:
D:11 exclusion: ice statue


Innate Abilities, Weirdness & Mutations

You reflexively headbutt those who attack you in melee.
You have a pair of horns on your head.
Your magical capacity is low. (-10% MP)


Message History

Samim gestures at you. You resist with almost no effort.
You miss the red devil. You miss Samim. The golden eye blinks at you.
You resist with almost no effort.
You completely miss Samim. Your headbutt misses Samim. You slash the red devil!
You kill the red devil!
Okawaru accepts your kill.
The golden eye blinks!
You miss Samim. You hit the golden eye. Samim gestures at you.
The bolt of energy hits you!
* * * LOW HITPOINT WARNING * * *
The golden eye blinks!
You slash the golden eye!
You kill the golden eye!
You miss Samim. You completely miss Samim. Your headbutt misses Samim.
The golden eye blinks at you. You resist with almost no effort.
You slash Samim! Your headbutt misses Samim. You hit the eye of draining.
Samim hits you but does no damage.
You hit Samim but do no damage. Your headbutt misses Samim.
You hit the eye of draining.
Really quaff
U - 3 potions of berserk rage {!q}?
A red film seems to cover your vision as you go berserk!
Your finesse ends abruptly.
You feel yourself moving faster!
You feel mighty! The golden eye blinks at you.
You resist with almost no effort. Samim hits you but does no damage.
You slice Samim!! Your headbutt misses Samim. You slice the eye of draining!!
You kill the eye of draining!
You slice the floating eye!!
You kill the floating eye!
You slice the golden eye!!
You kill the golden eye!
You miss Samim. Your headbutt misses Samim. Samim hits you but does no damage.
You cut Samim into ribbons!!!
You hear an angry hiss.
You closely miss Samim. Your headbutt misses Samim.
Samim hits you but does no damage.
You completely miss Samim.
Your crystal plate armour of Indomitability prevents you from hitting Samim.
Your headbutt misses Samim. Samim misses you. You furiously retaliate!
You headbutt Samim! You completely miss Samim. Your headbutt misses Samim.
You hit Samim. Your headbutt misses Samim. Samim hits you!!
* * * LOW HITPOINT WARNING * * *
Samim freezes you!
* * * LOW HITPOINT WARNING * * *
You completely miss Samim. Your headbutt misses Samim.
You completely miss Samim. Your headbutt misses Samim.
Samim hits you but does no damage.
You miss Samim. You slash Samim! Samim hits you but does no damage.
You hit Samim but do no damage. Your headbutt misses Samim.
You completely miss Samim. Your headbutt misses Samim.
Samim bursts into living lightning!
The living lightning misses you.
Samim blinks!
You hear an angry hiss.
A wyvern comes into view.
The wyvern hisses angrily.
You enter the shallow water.
Moving in this stuff is going to be slow.
You feel a strong urge to attack something.
Your unstable footing causes you to fumble your attack.
You slice the wyvern!!
You feel better.
You kill the wyvern!
Okawaru accepts your kill.
You feel a strong urge to attack something.
You are no longer berserk.
You are exhausted.
You feel yourself slow down.
A red devil comes into view. It is wielding a trident.
The red devil misses you.
A sun demon comes into view.
A balrug comes into view. It is wielding a demon whip of venom.
The balrug shouts!
The balrug gestures at you. Something smites you!
* * * LOW HITPOINT WARNING * * *
Samim gestures at you. You resist with almost no effort.
The red devil hits you from afar with a trident.
* * * LOW HITPOINT WARNING * * *
The sun demon moves out of view.
A red devil and an orange demon come into view.
The orange demon screeches!
The red devil barely misses you.
The red devil hits you but does no damage.
A sun demon comes into view.
The sun demon shouts!
You slice the sun demon!! Your headbutt misses the sun demon.
The balrug gestures at you. Something smites you!
* * * LOW HITPOINT WARNING * * *
The sun demon completely misses you. You furiously retaliate!
You headbutt the sun demon.
Samim bursts into living lightning!
The living lightning hits you!
You die...

.######....≈≈≈...#######.##......
...........≈≈≈...................
.######.#........#######.#####.##
............)....................
.#.##........#&..#.#######.######
.#.#.........##..#+## #.......
.#...##.&....##.....# #.##....
.#.###.....#####....# #..#.###
...##...!.##[ #@.4.# #..#.#
.###.....##.. #3...######..#.#
.##.....##Z.8 ##...........#.#
..##...##.).. #.2...#####.##.#
#..##.##.....###..+#.#........#
##.[###.....##<...4..#.###.####
###........####...3###'###.# #
##.#............4......#.# #
#.#######.#.##........#.#


You could see Samim, a balrug, 2 sun demons, an orange demon and 2 red devils.

Vanquished Creatures
  A seraph (Zot:1)
  3 orbs of fire
  Mennas (Depths:4)
  5 ancient liches
  7 juggernauts
  A pandemonium lord (Zot:5)
  The ghost of Angani the Hoplite, a veteran DsCK of Xom (Zot:5)
  Frederick (Depths:4)
  3 caustic shrikes
  2 curse toes
  7 Killer Klowns
  18 golden dragons
  The ghost of MirrMurr the Shatterer, a veteran GrBe of Trog (Vaults:5)
  Nikola (Swamp:4)
  2 bone dragons
  The ghost of ZlagarX the Gelid, a veteran DsIE of Vehumet (Vaults:5)
  The ghost of TheForgottenOwl the Impregnable, an adept MiFi of Okawaru (Swamp:3)
  2 electric golems
  Rupert (Orc:2)
  An Ice Fiend (Zot:5)
  17 tentacled monstrosities
  9 liches
  29 Orb Guardians
  5 quicksilver dragons
  9 death cobs
  Agnes (D:14)
  6 titans
  A thorn hunter (Swamp:1)
  10 sphinxes
  19 storm dragons
  10 shadow dragons
  11 tengu reavers
  21 draconian monks
  15 nagarajas
  15 frost giants
  Donald (Swamp:4)
  14 fire giants
  3 iron dragons
  5 ghost moths
  5 draconian scorchers
  4 deep elf sorcerers
  14 vault wardens
  6 draconian knights
  A cacodemon (Zot:1)
  6 draconian shifters
  2 deep elf elementalists (Depths:4)
  3 orc warlords
  An emperor scorpion (D:15)
  Louise (Swamp:4)
  9 draconian zealots
  24 very ugly things
  A juggernaut skeleton (Depths:2)
  18 ironheart preservers
  A spriggan defender (Depths:4)
  4 draconian annihilators
  4 draconian callers
  19 stone giants
  2 war gargoyles
  The ghost of TheForgottenOwl the Fencer, a journeyman MiFi of Okawaru (D:14)
  A lorocyproca (Depths:2)
  3 entropy weavers
  13 black draconians
  14 red draconians
  3 vampire knights
  A dire elephant (D:15)
  13 green draconians
  4 deep elf annihilators
  11 yellow draconians
  The ghost of awk the Geomancer, a journeyman GrEE of Vehumet (Volcano)
  3 deep elf demonologists (Vaults:5)
  4 purple draconians
  10 mottled draconians
  16 ettins
  11 spark wasps
  17 white draconians
  3 deep elf death magi
  2 green deaths (Swamp:4)
  The ghost of BabyRage the Spry, a journeyman FeFi of Cheibriados (Swamp:2)
  A blizzard demon (Depths:3)
  A minotaur (Lab)
  15 fire dragons
  Josephine (Lair:4)
  6 crystal guardians (Depths:3)
  2 merfolk impalers (Depths:2)
  19 yaktaur captains
  Fannar (Lair:1)
  3 deep elf high priests
  7 great orbs of eyes
  6 rakshasas
  A hell beast (Depths:1)
  2 ghost crabs (Swamp:3)
  The ghost of Beholder179 the Tainter, a journeyman DrVM of Sif Muna (D:12)
  38 vault guards
  10 ice dragons
  31 naga warriors
  10 anacondas
  20 hydras
  3 spriggan air magi
  3 catoblepae (Lair:6)
  6 ogre magi
  3 death knights
  6 alligators
  7 deep troll earth magi
  12 centaur warriors
  13 deep troll shamans
  An alligator (shapeshifter) (Vaults:5)
  10 death yaks (Lair:6)
  Urug (D:12)
  A titan zombie (Depths:2)
  2 vampire magi
  20 naga sharpshooters
  A hell hog (shapeshifter) (Vaults:5)
  4 tengu warriors
  A thrashing horror (Swamp:4)
  5 spriggan berserkers
  A queen ant (Lair:2)
  The ghost of dracos369 the Martial Artist, a novice OpTm of Gozag (D:8)
  5 shock serpents
  5 deep elf knights
  Sonja (Lair:1)
  7 iron trolls
  A soul eater (D:12)
  A sun demon (Zot:1)
  3 sixfirhies
  10 skeletal warriors
  2 salamander mystics
  3 shadow wraiths
  4 flayed ghosts
  A torturous demonspawn (Depths:3)
  18 hell knights
  An infernal demonspawn (Zot:5)
  A shambling mangrove (Swamp:4)
  A spriggan druid (Swamp:2)
  An orange crystal statue (Depths:2)
  35 deep trolls
  11 glowing orange brains
  A lindwurm (shapeshifter) (Depths:4)
  4 unseen horrors
  18 ironbrand convokers
  12 naga ritualists
  2 deep elf archers (Vaults:4)
  3 hill giants
  Pikel (D:7)
  16 phantasmal warriors
  2 obsidian statues
  3 large abominations (Depths:4)
  8 swamp dragons
  5 wizards
  17 orc knights
  A wolf spider zombie (D:14)
  6 harpies
  7 necromancers
  A sphinx zombie (WizLab)
  53 ugly things
  7 mana vipers
  5 orc sorcerers
  A stone giant zombie (Depths:2)
  A faun (shapeshifter) (Depths:3)
  3 wolf spiders
  12 deep elf magi
  2 human zombies (Vaults:4)
  6 cyclopes
  A cyclops (shapeshifter) (Depths:5)
  3 salamanders
  24 moths of wrath
  A manticore (D:15)
  The ghost of RKaid the Basher, a novice GrGl of Okawaru (D:6)
  A guardian serpent (shapeshifter) (Vaults:3)
  6 guardian serpents (Snake:4)
  6 rust devils
  A smoke demon (Zot:1)
  5 orange demons
  17 naga magi
  42 black mambas
  A gargoyle (D:15)
  12 vault sentinels
  18 spiny frogs
  3 centaur skeletons
  59 yaktaurs
  An efreet (Zot:3)
  2 yaktaurs (shapeshifter)
  2 rime drakes
  10 komodo dragons
  2 hellwings (Zot:5)
  2 ice devils
  10 freezing wraiths
  A yaktaur skeleton (Vaults:4)
  A merfolk (shapeshifter) (Vaults:3)
  A troll (shapeshifter) (Depths:2)
  A polar bear (Lair:4)
  5 red devils
  2 jumping spiders
  9 trolls
  A two-headed ogre (shapeshifter) (Vaults:5)
  A wind drake (shapeshifter) (Zot:2)
  92 slime creatures
  5 tyrant leeches
  20 hornets
  11 bog bodies
  A slime creature (shapeshifter) (Vaults:5)
  16 blink frogs
  11 two-headed ogres
  A snapping turtle (shapeshifter) (Vaults:5)
  A frost giant simulacrum (Vaults:4)
  A dream sheep (shapeshifter) (Vaults:2)
  10 hippogriffs
  3 ynoxinuls
  An ettin skeleton (Depths:2)
  2 redbacks
  6 shadows
  2 tarantellas (shapeshifter)
  2 air elementals (Depths:4)
  21 spriggans
  A spriggan (shapeshifter) (Vaults:3)
  4 water elementals (Depths:2)
  20 fire elementals (Zot:3)
  A vampire (D:13)
  A human (shapeshifter) (Depths:1)
  6 wraiths
  3 tarantellas
  4 wyverns
  4 basilisks
  A golden eye (shapeshifter) (Depths:1)
  58 yaks
  A human (D:8)
  2 hungry ghosts
  A redback simulacrum (D:10)
  2 fire bats (Volcano)
  23 vampire mosquitoes
  3 chaos spawn
  2 neqoxecs
  Menkaure (D:6)
  17 swamp worms
  9 wargs
  A warg (shapeshifter) (Vaults:4)
  A mottled dragon (shapeshifter) (Vaults:5)
  14 soldier ants (Lair:2)
  22 water moccasins
  56 nagas
  10 porcupines
  3 hell hounds
  12 small abominations
  9 swamp drakes
  2 slaves (D:7)
  3 eyes of draining (Depths:1)
  5 ice beasts
  58 orc warriors
  3 sky beasts
  A black bear (Lair:4)
  9 phantoms
  13 boggarts
  20 centaurs
  14 wolves
  31 ogres
  10 crocodiles
  A big kobold (D:8)
  16 bullfrogs
  A gnoll sergeant (D:9)
  3 wyvern zombies
  A wyvern skeleton (D:12)
  A water moccasin skeleton (D:5)
  7 scorpions
  14 killer bees
  3 wights (D:12)
  A howler monkey (D:8)
  16 crimson imps
  A bullfrog zombie (D:6)
  2 quasits
  2 centaur zombies
  2 iron imps
  5 hounds
  6 jellies
  33 orc priests
  Crazy Yiuf (D:7)
  2 bullfrog skeletons (D:12)
  2 iguanas
  46 orc wizards
  Terence (D:3)
  Natasha (twice) (D:4)
  39 worker ants
  A hell rat (Lair:4)
  A killer bee zombie (D:6)
  2 hound zombies
  2 hound skeletons
  Robin (D:4)
  8 gnolls
  18 adders
  6 river rats (D:8)
  6 shadow imps
  2 ufetubi (Depths:2)
  2 oozes
  4 worms
  2 dart slugs
  3 leopard geckos
  130 orcs
  18 bats
  A giant cockroach (D:8)
  10 goblins
  9 hobgoblins
  8 jackals
  5 quokkas
  2 ball pythons
  6 frilled lizards
  11 kobolds
  A leopard gecko zombie (D:8)
  17 rats
  5 briar patches (Swamp:1)
  2 crawling corpses
  7 fungi
  8 plants
2527 creatures vanquished.

Vanquished Creatures (collateral kills)
  A hydra (Swamp:2)
  A spiny frog (Swamp:2)
  A swamp worm (Swamp:2)
3 creatures vanquished.

Vanquished Creatures (others)
  The ghost of loom the Archmage, a veteran DECj of Vehumet (Vaults:5)
  A stone giant (Vaults:5)
  A rakshasa (Depths:3)
  An ugly thing (Swamp:4)
  A moth of wrath (Zot:5)
  A jumping spider (shapeshifter) (Depths:1)
  A centaur (Depths:2)
  A quasit (D:7)
  A crawling corpse (Vaults:5)
  22 fungi
  18 plants
49 creatures vanquished.

Grand Total: 2579 creatures vanquished

Notes
Turn   | Place    | Note
-------+----------+-------------------------------------------
     0 | D:1      | RKaid the Minotaur Fighter began the quest for the Orb.
     0 | D:1      | Reached XP level 1. HP: 19/19 MP: 0/0
   139 | D:1      | Reached XP level 2. HP: 26/26 MP: 1/1
   160 | D:1      | Reached skill level 3 in Axes
   160 | D:1      | Reached skill level 4 in Shields
   730 | D:2      | Reached skill level 4 in Axes
   730 | D:2      | Reached XP level 3. HP: 31/31 MP: 2/2
   876 | D:2      | Found a glowing golden altar of the Shining One.
   919 | D:2      | Found a radiant altar of Vehumet.
  1074 | D:2      | Found a sacrificial altar of Ru.
  1284 | D:2      | Found a sparkling altar of Nemelex Xobeh.
  1420 | D:3      | Found a deep blue altar of Sif Muna.
  1628 | D:3      | Reached XP level 4. HP: 39/39 MP: 3/3
  1630 | D:3      | Reached skill level 5 in Axes
  1785 | D:3      | Found a blossoming altar of Fedhas.
  1905 | D:3      | Found a bloodstained altar of Trog.
  1941 | D:3      | Noticed Terence
  1947 | D:3      | Killed Terence
  2065 | D:3      | Found a faded altar of an unknown god.
  2065 | D:3      | Found a faded altar of an unknown god.
  2071 | D:3      | Found a hide-covered altar of Uskayaw.
  2073 | D:3      | Found a faded altar of an unknown god.
  2075 | D:3      | Found a faded altar of an unknown god.
  2269 | D:4      | Reached skill level 6 in Axes
  2270 | D:4      | Noticed Robin
  2277 | D:4      | Killed Robin
  2277 | D:4      | Reached XP level 5. HP: 39/45 MP: 4/4
  2350 | D:4      | Got a faintly humming ring mail
  2364 | D:4      | Found a bloodstained altar of Trog.
  2457 | D:4      | Noticed an ogre
  2462 | D:4      | HP: 2/45 [ogre/giant club (13)]
  2466 | D:4      | Killed an ogre
  2466 | D:4      | Reached skill level 7 in Axes
  2824 | D:4      | Reached XP level 6. HP: 42/51 MP: 5/5
  2900 | D:4      | Reached skill level 8 in Axes
  3150 | D:4      | Noticed Natasha
  3155 | D:4      | Killed Natasha
  3789 | D:4      | Noticed Natasha
  3794 | D:4      | Killed Natasha
  3962 | D:5      | Entered Level 5 of the Dungeon
  4010 | D:5      | Reached skill level 9 in Axes
  4012 | D:5      | Reached XP level 7. HP: 37/57 MP: 6/6
  4421 | D:5      | Reached skill level 10 in Axes
  4851 | D:6      | Reached skill level 11 in Axes
  4906 | D:6      | Noticed RKaid's ghost (novice GrGl)
  5055 | D:5      | Identified the +7 ring mail of the Blacksmith {+Blink rPois Str-2 SInv} (You found it on level 4 of the Dungeon)
  5260 | D:6      | Found Cidek's Assorted Antiques.
  5269 | D:6      | Reached XP level 8. HP: 64/64 MP: 7/7
  5289 | D:6      | Noticed Menkaure
  5295 | D:6      | Killed Menkaure
  5300 | D:6      | HP: 8/64 [ice beast (12)]
  5712 | D:6      | Reached skill level 12 in Axes
  6122 | D:6      | Killed RKaid's ghost
  6122 | D:6      | Reached skill level 5 in Fighting
  6122 | D:6      | Reached skill level 5 in Armour
  6122 | D:6      | Reached XP level 9. HP: 43/74 MP: 8/8
  6726 | D:7      | Reached skill level 6 in Armour
  6743 | D:7      | Reached skill level 6 in Fighting
  6910 | D:7      | Noticed Pikel
  6917 | D:7      | Killed Pikel
  6917 | D:7      | Reached skill level 7 in Fighting
  6917 | D:7      | Reached skill level 7 in Armour
  7099 | D:7      | HP: 15/79 [orc priest/divine providence (13)]
  7110 | D:7      | HP: 13/79 [acid (4)]
  7481 | D:7      | Found a runed door.
  7586 | D:7      | Found a staircase to the Ecumenical Temple.
  7720 | D:7      | Noticed Crazy Yiuf
  7722 | D:7      | Killed Crazy Yiuf
  7824 | Temple   | Entered the Ecumenical Temple
  7893 | Temple   | Became a worshipper of Warmaster Okawaru
  7950 | D:8      | Noticed dracos369's ghost (novice OpTm)
  7987 | D:8      | Killed dracos369's ghost
  7987 | D:8      | Reached * piety under Okawaru
  7987 | D:8      | Reached skill level 8 in Fighting
  7987 | D:8      | Reached skill level 8 in Armour
  7994 | D:8      | Found Lutsohie's Quality Used Wands.
  7999 | D:8      | Reached XP level 10. HP: 49/90 MP: 9/9
  8210 | D:8      | Reached skill level 9 in Armour
  8263 | D:8      | Reached skill level 9 in Fighting
  8477 | D:8      | Reached ** piety under Okawaru
  8980 | D:8      | Found a staircase to the Lair.
  8985 | D:8      | Reached skill level 10 in Armour
  9332 | D:9      | Found a glowing silver altar of Zin.
  9332 | D:9      | Found a glowing golden altar of the Shining One.
  9332 | D:9      | Found a burning altar of Makhleb.
  9333 | D:9      | Found a stormy altar of Qazlal.
  9458 | D:9      | Reached skill level 10 in Fighting
  9857 | Lair:1   | Entered Level 1 of the Lair of Beasts
  9871 | Lair:1   | Noticed Fannar
  9893 | Lair:1   | Killed Fannar
  9893 | Lair:1   | Reached *** piety under Okawaru
  9893 | Lair:1   | Reached skill level 11 in Armour
  9932 | Lair:1   | Reached skill level 11 in Fighting
 10091 | Lair:1   | Noticed a spiny frog
 10099 | Lair:1   | Killed a spiny frog
 10115 | Lair:1   | Found a labyrinth entrance.
 10140 | Lab      | Entered a labyrinth
 11137 | Lab      | Noticed a minotaur
 11149 | Lab      | Killed a minotaur
 11149 | Lab      | Reached XP level 11. HP: 86/102 MP: 10/10
 11219 | Lair:1   | Learned a level 2 spell: Blink
 11222 | Lair:1   | Learned a level 2 spell: Repel Missiles
 11318 | Lair:1   | Noticed Sonja
 11963 | Lair:1   | Reached **** piety under Okawaru
 11963 | Lair:1   | Reached skill level 12 in Armour
 12163 | Lair:2   | Reached skill level 12 in Fighting
 12480 | Lair:2   | Noticed a queen ant
 12491 | Lair:2   | Reached skill level 13 in Fighting
 12493 | Lair:2   | Reached skill level 13 in Armour
 12506 | Lair:2   | Killed a queen ant
 12506 | Lair:2   | Reached ***** piety under Okawaru
 13070 | Lair:3   | Received a gift from Okawaru
 13070 | Lair:3   | Reached XP level 12. HP: 87/116 MP: 11/11
 13342 | Lair:3   | Reached skill level 13 in Axes
 13351 | Lair:3   | Found a staircase to the Snake Pit.
 13511 | Lair:3   | Found a staircase to the Swamp.
 13513 | Lair:3   | Got a bloodstained ring mail
 13774 | Lair:3   | Reached skill level 14 in Axes
 14150 | Lair:3   | Upgraded the game from 0.19.0-23-gf02e663 to 0.19.1
 14155 | Lair:3   | Identified the +5 ring mail of Spite {rElec rC- MR+++ Dex-2} (You found it on level 3 of the Lair of Beasts)
 14205 | Lair:4   | Reached skill level 1 in Invocations
 14308 | Lair:4   | Reached skill level 2 in Invocations
 14350 | Lair:4   | Reached skill level 3 in Invocations
 14449 | Lair:4   | Received a gift from Okawaru
 14454 | Lair:4   | Reached skill level 4 in Invocations
 14485 | Lair:4   | Noticed Josephine
 14501 | Lair:4   | Killed Josephine
 14506 | Lair:4   | HP: 23/116 [black mamba (12)]
 14515 | Lair:4   | Reached skill level 15 in Axes
 14519 | Lair:4   | HP: 39/174 [spriggan rider/spear (6)]
 14520 | Lair:4   | Reached skill level 5 in Invocations
 14525 | Lair:4   | HP: 22/116 [poisoned by a black mamba]
 14530 | Lair:4   | HP: 22/116 [poisoned by a black mamba]
 14536 | Lair:4   | HP: 24/116 [poisoned by a black mamba]
 14543 | Lair:4   | HP: 20/116 [poisoned by a black mamba]
 14549 | Lair:4   | HP: 24/116 [poisoned by a black mamba]
 14558 | Lair:4   | HP: 29/116 [black mamba[a boggart] (2)]
 14571 | Lair:4   | HP: 19/116 [black mamba[a boggart] (8)]
 14583 | Lair:4   | HP: 14/116 [black mamba[a boggart] (6)]
 14866 | Lair:4   | Reached skill level 6 in Invocations
 14992 | Lair:4   | Reached XP level 13. HP: 123/123 MP: 16/16
 15315 | Lair:4   | You fall through a shaft for 2 floors!
 15315 | Lair:6   | Entered Level 6 of the Lair of Beasts
 15505 | Lair:5   | Reached ****** piety under Okawaru
 15622 | Lair:5   | Reached skill level 7 in Invocations
 15696 | Lair:5   | Found a dark tunnel.
 15707 | Volcano  | Entered a volcano
 15756 | Volcano  | Noticed awk's ghost (journeyman GrEE)
 15767 | Volcano  | Killed awk's ghost
 15767 | Volcano  | Received a gift from Okawaru
 15767 | Volcano  | Reached skill level 16 in Axes
 15794 | Volcano  | Reached skill level 1 in Dodging
 15798 | Volcano  | Reached skill level 14 in Fighting
 16056 | Lair:5   | Found a staircase to the Slime Pits.
 16065 | Lair:5   | Reached skill level 2 in Dodging
 16601 | Lair:6   | Reached skill level 3 in Dodging
 16700 | Lair:6   | Reached skill level 4 in Dodging
 16912 | Lair:6   | Reached skill level 5 in Dodging
 16931 | Lair:6   | Got a wizard robe
 17286 | Lair:6   | Reached skill level 15 in Fighting
 17360 | Lair:6   | Reached skill level 6 in Dodging
 17420 | Lair:6   | Received a gift from Okawaru
 17500 | Lair:6   | Reached skill level 7 in Dodging
 17548 | Lair:6   | Reached XP level 14. HP: 103/135 MP: 18/18
 17976 | Lair:1   | Killed Sonja
 18098 | D:10     | Entered Level 10 of the Dungeon
 18098 | D:10     | Found a shadowy altar of Dithmenos.
 18100 | D:10     | Found a staircase to the Orcish Mines.
 18449 | D:10     | Received a gift from Okawaru
 18834 | D:11     | Reached skill level 17 in Axes
 19047 | D:11     | Reached skill level 8 in Dodging
 19532 | D:12     | Found Ezxiar's Antique Weapon Boutique.
 19729 | D:12     | Noticed Beholder179's ghost (journeyman DrVM)
 19752 | D:12     | Killed Beholder179's ghost
 19752 | D:12     | Reached skill level 16 in Fighting
 19925 | D:12     | Noticed Urug
 19928 | D:12     | Found a blossoming altar of Fedhas.
 19938 | D:12     | Killed Urug
 20400 | D:13     | Found a gate to the Vaults.
 20406 | D:13     | Received a gift from Okawaru
 20436 | D:13     | Reached skill level 18 in Axes
 21531 | Swamp:1  | Entered Level 1 of the Swamp
 21593 | Swamp:1  | Reached XP level 15. HP: 102/145 MP: 19/19
 21674 | Swamp:1  | Reached skill level 14 in Armour
 21747 | Swamp:2  | Received a gift from Okawaru
 21758 | Swamp:2  | Got a faintly glowing executioner's axe {god gift}
 21900 | Swamp:2  | Noticed BabyRage's ghost (journeyman FeFi)
 21921 | Swamp:2  | HP: 29/145 [BabyRage's ghost (19)]
 22238 | Swamp:1  | Noticed a thorn hunter
 22250 | Swamp:1  | HP: 30/145 [thorn hunter (8)]
 22253 | Swamp:1  | HP: 12/145 [thorn hunter (9)]
 22256 | Swamp:1  | Killed a thorn hunter
 22279 | Swamp:1  | HP: 29/145 [vampire mosquito (1)]
 22281 | Swamp:1  | Reached skill level 19 in Axes
 22819 | Swamp:1  | Identified the +4 executioner's axe of Ilarr {speed, Str+4} (Okawaru gifted it to you on level 2 of the Swamp)
 22821 | Swamp:1  | Gained mutation: Your mind is acute. (Int +2) [potion of beneficial mutation]
 23147 | Swamp:2  | Received a gift from Okawaru
 23149 | Swamp:2  | Reached skill level 15 in Armour
 23152 | Swamp:2  | Got a bloodstained battleaxe {god gift}
 23206 | Swamp:2  | Identified the +10 battleaxe of Udecam {freeze, rF+ Int+4 Stlth+} (Okawaru gifted it to you on level 2 of the Swamp)
 23311 | Swamp:3  | Noticed TheForgottenOwl's ghost (adept MiFi)
 23329 | Swamp:2  | HP: 28/145 [seven-headed hydra (15)]
 23335 | Swamp:2  | HP: 16/217 [slime creature (13)]
 23348 | Swamp:2  | HP: 14/145 [slime creature (8)]
 23353 | Swamp:2  | HP: 26/145 [slime creature (7)]
 23726 | Swamp:2  | HP: 7/145 [BabyRage's ghost (31)]
 24009 | Swamp:2  | Killed BabyRage's ghost
 24294 | Swamp:3  | Killed TheForgottenOwl's ghost
 24466 | Swamp:4  | Entered Level 4 of the Swamp
 24466 | Swamp:4  | Noticed Louise
 24539 | Swamp:4  | Received a gift from Okawaru
 24583 | Swamp:4  | Reached skill level 20 in Axes
 24606 | Swamp:4  | Noticed Donald
 24619 | Swamp:4  | Killed Donald
 24619 | Swamp:4  | Reached skill level 16 in Armour
 24633 | Swamp:4  | Killed Louise
 24707 | Swamp:4  | Noticed a tentacled monstrosity
 24707 | Swamp:4  | HP: 35/145 [eight-headed hydra (5)]
 24721 | Swamp:4  | Noticed Nikola
 24723 | Swamp:4  | HP: 34/145 [nine-headed hydra (7)]
 24728 | Swamp:3  | HP: 24/145 [bog body (3)]
 24733 | Swamp:3  | HP: 24/145 [swamp dragon/blast of poison (2)]
 24930 | Swamp:3  | Reached XP level 16. HP: 116/152 MP: 20/20
 25138 | Snake:1  | Entered Level 1 of the Snake Pit
 25863 | Snake:1  | Reached skill level 17 in Armour
 25867 | Snake:1  | Received a gift from Okawaru
 26443 | Snake:2  | Reached skill level 21 in Axes
 26579 | Snake:2  | Learned a level 1 spell: Animate Skeleton
 26583 | Snake:2  | Learned a level 3 spell: Regeneration
 27201 | Snake:2  | Received a gift from Okawaru
 27630 | Snake:3  | Found Xuoxteot's General Store.
 27635 | Snake:3  | Found Bis Buz's Weapon Boutique.
 27638 | Snake:3  | Bought a scroll of teleportation for 36 gold pieces
 27638 | Snake:3  | Bought a potion of heal wounds for 60 gold pieces
 27702 | Snake:3  | Reached skill level 18 in Armour
 28724 | Snake:4  | Entered Level 4 of the Snake Pit
 28946 | Snake:4  | Reached XP level 17. HP: 82/160 MP: 18/21
 28981 | Snake:4  | Received a gift from Okawaru
 28984 | Snake:4  | Got a slimy broad axe {god gift}
 29146 | Snake:4  | Identified the +0 broad axe "Ogyd" {chop, rElec} (Okawaru gifted it to you on level 4 of the Snake Pit)
 29197 | Snake:4  | Reached skill level 22 in Axes
 29380 | Snake:4  | Found Fatai's Jewellery Boutique.
 29715 | Snake:4  | Received a gift from Okawaru
 29726 | Snake:4  | Reached skill level 17 in Fighting
 30000 | Snake:4  | Received a gift from Okawaru
 30000 | Snake:4  | HP: 40/161 [poisoned by a naga warrior (splash of poison)]
 30005 | Snake:4  | HP: 38/161 [poisoned by a naga warrior (splash of poison)]
 30010 | Snake:4  | HP: 36/161 [poisoned by a naga warrior (splash of poison)]
 30015 | Snake:4  | HP: 36/161 [poisoned by a naga warrior (splash of poison)]
 30020 | Snake:4  | HP: 37/161 [poisoned by a naga warrior (splash of poison)]
 30025 | Snake:4  | HP: 39/161 [poisoned by a naga warrior (splash of poison)]
 30198 | Snake:4  | Got an ichor-stained dagger {god gift}
 30226 | Snake:4  | Identified a +2 pair of boots of running (You found it on level 4 of the Snake Pit)
 30279 | Snake:4  | Reached skill level 23 in Axes
 30587 | Snake:4  | Received a gift from Okawaru
 30840 | Snake:4  | Got a serpentine rune of Zot
 31051 | Snake:4  | Found Ujurr's Antique Weapon Emporium.
 31072 | Snake:4  | Reached XP level 18. HP: 163/171 MP: 22/22
 31190 | Snake:4  | Reached skill level 18 in Fighting
 31573 | Orc:1    | Entered Level 1 of the Orcish Mines
 31601 | Orc:1    | Received a gift from Okawaru
 31790 | Orc:1    | Reached skill level 24 in Axes
 31908 | Orc:2    | Entered Level 2 of the Orcish Mines
 31944 | Orc:2    | Found a roughly hewn altar of Beogh.
 31954 | Orc:2    | Found a roughly hewn altar of Beogh.
 32142 | Orc:2    | Found a roughly hewn altar of Beogh.
 32143 | Orc:2    | Found Banoz's Distillery.
 32160 | Orc:2    | Bought a potion of heal wounds for 60 gold pieces
 32160 | Orc:2    | Bought a potion of heal wounds for 60 gold pieces
 32290 | Orc:2    | Noticed Rupert
 32296 | Orc:2    | Paralysed by Rupert for 6 turns
 32313 | Orc:2    | Killed Rupert
 32353 | Orc:2    | Found a staircase to the Elven Halls.
 32529 | Orc:2    | Found Ywkuv's Antique Weapon Shop.
 32530 | Orc:2    | Found a roughly hewn altar of Beogh.
 32531 | Orc:2    | Found Notsy's Antique Armour Boutique.
 32607 | Orc:2    | Found a roughly hewn altar of Beogh.
 32618 | Orc:2    | Found Yczir's Antique Armour Emporium.
 32678 | Orc:2    | Found a roughly hewn altar of Beogh.
 32812 | Orc:2    | Found a roughly hewn altar of Beogh.
 32864 | Orc:2    | Found a roughly hewn altar of Beogh.
 33073 | Orc:2    | Bought a distressingly furry plate armour for 924 gold pieces
 33073 | Orc:2    | Identified the cursed +1 plate armour of Xom's Approval {rElec rPois Int-2} (You bought it in a shop on level 2 of the Orcish Mines)
 33086 | Orc:2    | Bought a runed cloak for 346 gold pieces
 33086 | Orc:2    | Bought a pair of runed gloves for 346 gold pieces
 33157 | Orc:2    | Bought a twisted plate armour for 560 gold pieces
 33157 | Orc:2    | Identified the +4 plate armour of Life {+Inv rC+ MR+} (You bought it in a shop on level 2 of the Orcish Mines)
 33517 | Swamp:4  | Killed Nikola
 33552 | Swamp:4  | Killed a tentacled monstrosity
 33906 | Swamp:4  | Received a gift from Okawaru
 33909 | Swamp:4  | Got a spiked scale mail {god gift}
 33917 | Swamp:4  | Identified a scroll of acquirement
 34008 | Swamp:4  | Got a decaying rune of Zot
 34031 | Swamp:4  | Reached skill level 25 in Axes
 34780 | D:14     | Noticed TheForgottenOwl's ghost (journeyman MiFi)
 34787 | D:14     | Killed TheForgottenOwl's ghost
 34991 | D:14     | Noticed Agnes
 35009 | D:14     | Killed Agnes
 35112 | D:15     | Entered Level 15 of the Dungeon
 35127 | D:15     | Reached skill level 19 in Fighting
 35572 | D:15     | Found a hide-covered altar of Uskayaw.
 35727 | D:15     | Found a staircase to the Depths.
 35734 | D:15     | Reached XP level 19. HP: 169/182 MP: 23/23
 35931 | Vaults:1 | Entered Level 1 of the Vaults
 36143 | Vaults:1 | Found a magical portal.
 36154 | WizLab   | Entered Doroklohe's Tomb
 36390 | Vaults:1 | Got a steaming ruby amulet
 36426 | Vaults:1 | Identified the amulet "Faefakucw" {RegenMP rPois rF++} (You found it on level 1 of the Vaults)
 36894 | Vaults:1 | Received a gift from Okawaru
 36934 | Vaults:1 | Reached skill level 26 in Axes
 37255 | Vaults:1 | Found Maamofy's Assorted Antiques.
 37719 | Vaults:2 | Received a gift from Okawaru
 38245 | Vaults:2 | Reached skill level 20 in Fighting
 39141 | Vaults:2 | Reached skill level 27 in Axes
 39162 | Vaults:2 | Got a heavily runed copper amulet
 39163 | Vaults:2 | Identified the amulet "Gewues" {Inacc rC+++ Dex-3 SInv Stlth+} (You found it on level 2 of the Vaults)
 39359 | Vaults:2 | Found a staircase to the Crypt.
 39526 | Vaults:3 | Received a gift from Okawaru
 39526 | Vaults:3 | Reached XP level 20. HP: 195/195 MP: 24/24
 39539 | Vaults:3 | Got a polished battleaxe {god gift}
 39540 | Vaults:3 | Identified the +2 battleaxe of Domination {venom, rC+ Str+4} (Okawaru gifted it to you on level 3 of the Vaults)
 39880 | Vaults:3 | Found Deep's Food Boutique.
 40332 | Vaults:3 | Reached skill level 9 in Dodging
 40337 | Vaults:3 | Reached skill level 21 in Fighting
 40641 | Vaults:3 | Reached skill level 19 in Armour
 40853 | Vaults:3 | Received a gift from Okawaru
 40859 | Vaults:3 | Reached skill level 8 in Invocations
 40864 | Vaults:3 | Got a steaming cloak {god gift}
 40881 | Vaults:3 | Identified the +2 cloak of the Wumpus {+Inv rElec Regen+ Str-4} (Okawaru gifted it to you on level 3 of the Vaults)
 41223 | Orc:2    | Bought a potion of invisibility for 96 gold pieces
 41223 | Orc:2    | Bought a potion of resistance for 120 gold pieces
 41223 | Orc:2    | Bought a potion of agility for 48 gold pieces
 41223 | Orc:2    | Bought a potion of might for 48 gold pieces
 41223 | Orc:2    | Bought a potion of berserk rage for 60 gold pieces
 41223 | Orc:2    | Bought a potion of invisibility for 96 gold pieces
 41223 | Orc:2    | Bought 2 potions of might for 96 gold pieces
 41697 | Vaults:4 | HP: 46/198 [flayed ghost/flay_damage (23)]
 41700 | Vaults:4 | HP: 17/198 [white very ugly thing (13)]
 41740 | Vaults:4 | Reached skill level 10 in Dodging
 41810 | Vaults:4 | Reached skill level 9 in Invocations
 41990 | Vaults:4 | Reached skill level 11 in Dodging
 41992 | Vaults:4 | Reached XP level 21. HP: 176/206 MP: 26/26
 42162 | Vaults:4 | Received a gift from Okawaru
 43253 | Depths:1 | Entered Level 1 of the Depths
 43275 | Depths:1 | Reached skill level 20 in Armour
 43278 | Depths:1 | Reached skill level 22 in Fighting
 43421 | Depths:1 | Found Tyipna's Book Emporium.
 43467 | Depths:1 | Found a gateway to Hell.
 43471 | Depths:1 | Reached skill level 12 in Dodging
 44111 | Depths:2 | Received a gift from Okawaru
 44120 | Depths:2 | Got a dazzling crystal plate armour {god gift}
 44152 | Depths:2 | Identified the +14 crystal plate armour of Indomitability {rF+ Int+4 Dex+2} (Okawaru gifted it to you on level 2 of the Depths)
 44590 | Depths:2 | Reached skill level 13 in Dodging
 44592 | Depths:2 | Found a one-way gate leading to the halls of Pandemonium.
 45073 | Depths:2 | Reached skill level 21 in Armour
 45073 | Depths:2 | Reached XP level 22. HP: 190/217 MP: 27/27
 45074 | Depths:2 | Received a gift from Okawaru
 45113 | Depths:2 | Got a pair of distressingly furry gloves {god gift}
 45124 | Depths:2 | Identified the -2 pair of gloves of Okawaru's Supremacy {rPois rN+ Int+4} (Okawaru gifted it to you on level 2 of the Depths)
 45206 | Depths:2 | Reached skill level 23 in Fighting
 45291 | Depths:2 | Noticed a golden dragon
 45314 | Depths:2 | Killed a golden dragon
 45475 | Depths:2 | Noticed a juggernaut
 45477 | Depths:2 | Noticed a juggernaut
 45500 | Depths:2 | Reached skill level 14 in Dodging
 45506 | Depths:2 | Killed a juggernaut
 45513 | Depths:2 | Killed a juggernaut
 45759 | Depths:2 | Noticed a caustic shrike
 45769 | Depths:2 | Killed a caustic shrike
 46231 | Depths:3 | Found a gateway to a ziggurat.
 46231 | Depths:3 | Noticed an ancient lich
 46295 | Depths:3 | Received a gift from Okawaru
 46462 | Depths:3 | Reached skill level 15 in Dodging
 46487 | Depths:3 | Found a flickering gateway to a bazaar.
 46496 | Bazaar   | Entered a bazaar
 46496 | Bazaar   | Found Sita's Jewellery Boutique.
 46502 | Bazaar   | Found Icsog's Weapon Emporium.
 46510 | Bazaar   | Found Omiel's Jewellery Shoppe.
 46514 | Bazaar   | Found Yninn's Book Boutique.
 46525 | Bazaar   | Found Ajaa's Food Boutique.
 46578 | Bazaar   | RKaid: !beem
 46578 | Bazaar   | beem: I'm a bot that sends commands to the DCSS IRC knowledge bots. For details, see https://github.com/gammafunk/beem/blob/master/docs/commands.md and to have me watch your games on this server, type: !beem subscribe
 46578 | Bazaar   | RKaid: !beem unsubscribe
 46578 | Bazaar   | beem: Unsubscribed. I will no longer watch games of user RKaid. Bye!
 46642 | Depths:3 | Reached skill level 22 in Armour
 47023 | Depths:3 | Reached XP level 23. HP: 206/229 MP: 28/28
 47035 | Depths:3 | Received a gift from Okawaru
 47088 | Depths:3 | Reached skill level 24 in Fighting
 47721 | Depths:4 | Noticed a juggernaut
 47725 | Depths:4 | Noticed Mennas
 47733 | Depths:4 | Killed a juggernaut
 47733 | Depths:4 | Reached skill level 16 in Dodging
 47772 | Depths:4 | Killed Mennas
 47795 | Depths:4 | Noticed a juggernaut
 47804 | Depths:4 | Killed a juggernaut
 47816 | Depths:4 | Received a gift from Okawaru
 47824 | Depths:4 | Noticed a juggernaut
 47826 | Depths:4 | Noticed a caustic shrike
 47833 | Depths:4 | Reached skill level 23 in Armour
 47841 | Depths:4 | Killed a juggernaut
 47842 | Depths:4 | HP: 49/232 [hell knight/halberd of flaming (13)]
 47845 | Depths:4 | Killed a caustic shrike
 47860 | Depths:4 | Reached skill level 17 in Dodging
 47881 | Depths:4 | Got a steaming executioner's axe {god gift}
 47900 | Depths:4 | Noticed a caustic shrike
 47906 | Depths:4 | Killed a caustic shrike
 47921 | Depths:4 | Noticed Frederick
 47938 | Depths:4 | Killed Frederick
 47938 | Depths:4 | Received a gift from Okawaru
 47939 | Depths:4 | Reached skill level 25 in Fighting
 47964 | Depths:4 | Reached XP level 24. HP: 242/242 MP: 28/28
 48000 | Depths:4 | Got a jasper-encrusted ring mail {god gift}
 48001 | Depths:4 | Identified the +3 ring mail "Cyf Feasm" {*Drain rElec rN++ SInv} (Okawaru gifted it to you on level 4 of the Depths)
 48003 | Depths:4 | Identified the +4 executioner's axe of the Ten Demons {chaos, +Fly rC- Str+5} (Okawaru gifted it to you on level 4 of the Depths)
 48034 | Depths:4 | Got a transparent ring mail
 48429 | Depths:4 | Found a one-way gate to the infinite horrors of the Abyss.
 48764 | Depths:5 | Entered Level 5 of the Depths
 48852 | Depths:5 | Found a gate to the Realm of Zot.
 49137 | Depths:5 | Noticed a juggernaut
 49148 | Depths:5 | Killed a juggernaut
 49347 | Depths:5 | Noticed a juggernaut
 49356 | Depths:5 | Killed a juggernaut
 49356 | Depths:5 | Reached skill level 18 in Dodging
 50282 | Vaults:5 | Entered Level 5 of the Vaults
 50282 | Vaults:5 | Noticed MirrMurr's ghost (veteran GrBe)
 50296 | Vaults:5 | Received a gift from Okawaru
 50296 | Vaults:5 | Reached skill level 24 in Armour
 50331 | Vaults:5 | Killed MirrMurr's ghost
 50478 | Vaults:5 | Noticed ZlagarX's ghost (veteran DsIE)
 50507 | Vaults:5 | Killed ZlagarX's ghost
 50514 | Vaults:5 | Reached skill level 26 in Fighting
 50545 | Vaults:5 | Received a gift from Okawaru
 50687 | Vaults:5 | Noticed loom's ghost (veteran DECj)
 50692 | Vaults:5 | Reached XP level 25. HP: 253/253 MP: 28/28
 50706 | Vaults:5 | Reached skill level 19 in Dodging
 50741 | Vaults:5 | HP: 60/253 [battlesphere[loom's ghost] (17)]
 50742 | Vaults:5 | Killed loom's ghost
 51133 | Vaults:5 | Reached skill level 25 in Armour
 51172 | Vaults:5 | Got a silver rune of Zot
 51340 | Vaults:5 | Paralysed by a floating eye for 3 turns
 51539 | Vaults:5 | Got a wavering copper ring
 51545 | Vaults:5 | Identified the ring "Qacsaeb" {*Tele MR+ Int+6} (You took it off a deep elf high priest on level 5 of the Vaults)
 51811 | Vaults:5 | Got an ichor-stained ring mail
 51812 | Vaults:5 | Identified the +1 ring mail "Ijefol" {+Blink} (You found it on level 5 of the Vaults)
 52054 | Vaults:5 | Received a gift from Okawaru
 52554 | Zot:1    | Entered Level 1 of the Realm of Zot
 52730 | Zot:1    | Reached skill level 20 in Dodging
 52870 | Zot:1    | Received a gift from Okawaru
 52882 | Zot:1    | Reached skill level 27 in Fighting
 52924 | Zot:1    | Got a jewelled broad axe {god gift}
 52925 | Zot:1    | Identified the +0 broad axe "Juuvais" {antimagic, rC- Int+4} (Okawaru gifted it to you on level 1 of the Realm of Zot)
 53200 | Zot:1    | Reached XP level 26. HP: 253/266 MP: 28/28
 53204 | Zot:1    | Received a gift from Okawaru
 53221 | Zot:1    | Reached skill level 26 in Armour
 53301 | Zot:1    | Found a glowing golden altar of the Shining One.
 53366 | Zot:1    | Identified the Catalogue of Fire and Brimstone
 53380 | Zot:1    | Identified the Tome of the Zealot
 54134 | Zot:2    | Noticed an ancient lich
 54134 | Zot:2    | Reached skill level 10 in Invocations
 54152 | Zot:2    | Noticed an ancient lich
 54155 | Zot:2    | Reached skill level 21 in Dodging
 54182 | Zot:2    | Killed an ancient lich
 54199 | Zot:2    | Killed an ancient lich
 54199 | Zot:2    | Reached skill level 11 in Invocations
 54431 | Zot:2    | Reached skill level 12 in Invocations
 54758 | Zot:2    | Received a gift from Okawaru
 54992 | Zot:2    | Noticed an orb of fire
 54992 | Zot:2    | Gained mutation: You have a pair of large horns on your head. [an orb of fire]
 54999 | Zot:2    | Gained mutation: Your body sometimes deteriorates upon taking damage. [an orb of fire]
 55004 | Zot:2    | Gained mutation: Your body often deteriorates upon taking damage. [an orb of fire]
 55014 | Zot:2    | Killed an orb of fire
 55014 | Zot:2    | Reached skill level 13 in Invocations
 55666 | Zot:3    | Received a gift from Okawaru
 55666 | Zot:3    | Reached skill level 27 in Armour
 55684 | Zot:3    | Noticed an orb of fire
 55693 | Zot:3    | Gained mutation: You occasionally shout uncontrollably at your foes. [an orb of fire]
 55703 | Zot:3    | Reached skill level 14 in Invocations
 55705 | Zot:3    | Gained mutation: Scrolls take you a little longer to read. [an orb of fire]
 55706 | Zot:3    | Killed an orb of fire
 55706 | Zot:3    | Reached skill level 22 in Dodging
 55771 | Zot:3    | Reached XP level 27. HP: 273/273 MP: 33/33
 55797 | Zot:3    | Reached skill level 15 in Invocations
 56612 | Zot:4    | Reached skill level 16 in Invocations
 56756 | Zot:4    | Got a clouded bone ring
 56759 | Zot:4    | Identified the ring "Nerues" {*Corrode rC+ rN++ EV+3 Int+3} (You found it on level 4 of the Realm of Zot)
 57059 | Zot:4    | Reached skill level 23 in Dodging
 57068 | Zot:4    | Received a gift from Okawaru
 57261 | Zot:5    | Entered Level 5 of the Realm of Zot
 57267 | Zot:5    | HP: 50/273 [??? (48)]
 57715 | Zot:4    | Reached skill level 17 in Invocations
 58041 | Depths:1 | Lost mutation: You occasionally shout uncontrollably at your foes. [potion of cure mutation]
 58041 | Depths:1 | Lost mutation: Your mind is acute. (Int +2) [potion of cure mutation]
 58041 | Depths:1 | Lost mutation: Scrolls take you a little longer to read. [potion of cure mutation]
 58155 | D:13     | Gained mutation: Scrolls take you a little longer to read. [potion of mutation]
 58155 | D:13     | Gained mutation: You expend magic power (3 MP) to strengthen your wands. [potion of mutation]
 58155 | D:13     | Gained mutation: You occasionally shout uncontrollably at your foes. [potion of mutation]
 58156 | D:13     | Lost mutation: Your body often deteriorates upon taking damage. [potion of cure mutation]
 58156 | D:13     | Lost mutation: Scrolls take you a little longer to read. [potion of cure mutation]
 58156 | D:13     | Lost mutation: You occasionally shout uncontrollably at your foes. [potion of cure mutation]
 58157 | D:13     | Lost mutation: Your body sometimes deteriorates upon taking damage. [potion of cure mutation]
 58157 | D:13     | Lost mutation: You have a pair of large horns on your head. [potion of cure mutation]
 58157 | D:13     | Lost mutation: You expend magic power (3 MP) to strengthen your wands. [potion of cure mutation]
 58659 | Zot:5    | Noticed Angani's ghost (veteran DsCK)
 58692 | Zot:5    | Killed Angani's ghost
 58967 | Zot:5    | Noticed an ancient lich
 58978 | Zot:5    | Killed an ancient lich
 59199 | Zot:5    | Noticed an orb of fire
 59217 | Zot:5    | Gained mutation: Your magical capacity is low. (-10% MP) [an orb of fire]
 59229 | Zot:5    | Killed an orb of fire
 59299 | Zot:5    | Reached skill level 24 in Dodging
 59316 | Zot:5    | Reached skill level 18 in Invocations
 59462 | Zot:5    | Reached skill level 1 in Spellcasting
 59499 | Zot:5    | Reached skill level 2 in Spellcasting
 59558 | Zot:5    | Received a gift from Okawaru
 59581 | Zot:5    | Reached skill level 3 in Spellcasting
 59607 | Zot:5    | Noticed an ancient lich
 59617 | Zot:5    | Killed an ancient lich
 59617 | Zot:5    | Reached skill level 4 in Spellcasting
 59636 | Zot:5    | Got the Orb of Zot
 59703 | Zot:5    | Reached skill level 5 in Spellcasting
 59742 | Zot:5    | HP: 67/273 [mottled draconian/trident of venom (2)]
 59754 | Zot:5    | HP: 56/273 [electric golem/bolt of lightning (19)]
 59760 | Zot:5    | HP: 55/273 [poisoned by a mottled draconian]
 59762 | Zot:5    | Received a gift from Okawaru
 59765 | Zot:5    | HP: 45/273 [poisoned by a mottled draconian]
 59770 | Zot:5    | HP: 65/273 [poisoned by a mottled draconian]
 59778 | Zot:5    | Noticed Gyaskyop the pandemonium lord
 59778 | Zot:5    | Noticed an ancient lich
 59779 | Zot:5    | HP: 67/273 [poisoned by a mottled draconian]
 59790 | Zot:5    | HP: 36/273 [ancient lich/poison arrow (44)]
 59798 | Zot:5    | Killed an ancient lich
 59798 | Zot:5    | Reached skill level 25 in Dodging
 59808 | Zot:5    | Killed Gyaskyop the pandemonium lord
 59920 | Zot:2    | Reached skill level 6 in Spellcasting
 60067 | Zot:1    | Noticed a seraph
 60079 | Zot:1    | HP: 62/273 [daeva/divine providence[a seraph] (8)]
 60081 | Zot:1    | HP: 30/273 [seraph/great sword of flaming (30)]
 60087 | Zot:1    | HP: 53/273 [seraph/great sword of flaming (8)]
 60091 | Zot:1    | Noticed Befoeq the pandemonium lord
 60093 | Zot:1    | Killed a seraph
 60093 | Zot:1    | HP: 45/273 [daeva/divine providence[a seraph] (8)]
 60354 | D:11     | Noticed Samim the pandemonium lord
 60373 | D:11     | HP: 43/273 [disintegration (29)]
 60386 | D:11     | HP: 52/409 [Samim the pandemonium lord (18)]
 60402 | D:11     | HP: 31/273 [balrug/divine providence (11)]
 60404 | D:11     | Killed from afar by Samim the pandemonium lord

Skill      XL: |  1  2  3  4  5  6  7  8  9 10 11 12 13 14 15 16 17 18 19 20 21 22 23 24 25 26 27 |
---------------+----------------------------------------------------------------------------------+-----
Axes           | 4 6 7 9 11 12 15 16 18 20 21 23 25 27 | 27.0
Shields        | 4 |  4.0
Fighting       | 5 8 11 13 15 16 17 19 20 21 22 23 25 26 27 | 27.0
Armour         | 5 8 11 13 16 18 19 21 22 23 24 25 27 | 27.0
Invocations    | 6 7 9 14 18 | 18.0
Dodging        | 7 8 11 13 15 17 18 20 22 25 | 25.3
Spellcasting   | 6 |  6.9

Action                   |  1- 3 |  4- 6 |  7- 9 | 10-12 | 13-15 | 16-18 | 19-21 | 22-24 | 25-27 || total
-------------------------+-------+-------+-------+-------+-------+-------+-------+-------+-------++-------
Melee: War axe           |    91 |   120 |   236 |   504 |   282 |       |       |       |       ||  1233
       Headbutt          |    11 |    17 |    55 |   100 |   277 |   364 |   461 |   383 |   550 ||  2218
       Executioner's axe |       |       |       |   143 |   289 |   922 |       |       |       ||  1354
       Battleaxe         |       |       |       |       |   594 |   468 |  1506 |  1207 |  1589 ||  5364
Invok: Heroism           |       |       |       |     1 |     8 |    10 |     3 |     7 |    10 ||    39
       Finesse           |       |       |       |       |     2 |     2 |     1 |     3 |     3 ||    11
Evoke: Wand              |       |       |       |       |     4 |       |       |     6 |     3 ||    13
  Use: Scroll            |       |    14 |     1 |    16 |    17 |     9 |     6 |     5 |    13 ||    81
       Potion            |       |       |     2 |     3 |     5 |       |     1 |     3 |    26 ||    40
 Stab: Distracted        |       |       |       |       |     1 |     2 |     1 |     1 |       ||     5
  Eat: Chunk             |     2 |     7 |     4 |    18 |    14 |     4 |     4 |     7 |    14 ||    74
       Beef jerky        |       |       |     5 |     1 |     1 |     3 |     2 |     1 |     1 ||    14
       Royal jelly       |       |       |     1 |     1 |     1 |     2 |     1 |       |     1 ||     7
       Pizza             |       |       |       |     2 |     8 |     2 |       |     1 |       ||    13
       Fruit             |       |       |       |       |     6 |    27 |    17 |       |       ||    50
       Bread ration      |       |       |       |       |       |       |     3 |     2 |     3 ||     8
Armor: Scale mail        |    48 |    49 |    15 |       |       |       |       |       |       ||   112
       Ring mail         |       |       |    68 |   179 |       |       |       |       |       ||   247
       Plate armour      |       |       |       |    90 |   646 |   599 |   514 |       |       ||  1849
       Crystal plate arm |       |       |       |       |       |       |   150 |   814 |  1073 ||  2037
Dodge: Dodged            |    50 |    39 |   110 |   440 |   823 |   887 |   939 |  1051 |  1579 ||  5918
Block: Buckler           |    16 |    19 |    31 |    90 |    52 |       |       |       |       ||   208
       Shield            |     3 |       |       |       |       |       |       |       |       ||     3

Vault maps used:
D:1:      co_arrival_square_in_a_square_in_a_square, serial_park_tiny_2
D:2:      nemelex_altar_shiori, vehumet_crystals, lemuel_crystal_altar,
          kennysheep_pointless_box, fountainhead, serial_bayou_lagoon_a,
          nicolae_tso_swordbearing_angel
D:3:      led_sif_pool, chequers_temple_overflow_minitemple,
          lemuel_doored_altar, first_bread, kennysheep_flooded_box, uniq_terence
D:4:      kennysheep_mini_moat, uniq_natasha, uniq_robin
D:6:      serial_shops, nicolae_shop_trees, uniq_menkaure
D:7:      uniq_pikel, uniq_crazy_yiuf_cottage
D:8:      grunt_lair_entry_orc_guard_hut, serial_glass, glass_columns_a,
          glass_columns_a, glass_columns_b, glass_columns_a, glass_columns_c,
          glass_columns_a, glass_columns_b, glass_columns_a, glass_columns_a,
          glass_columns_b, glass_columns_a, glass_columns_c, glass_columns_a,
          glass_columns_a, grunt_pizzeria, nicolae_for_you_no_charge
D:9:      chequers_temple_overflow_statue_of_worship, hex_tiny
D:10:     david_orc_3, grunt_dithmenos_smoke
D:11:     minmay_separated_statues, serial_glass, glass_columns_a,
          glass_columns_a, serial_park_tiny_pond
D:12:     serial_shops, nicolae_shop_stone, fedhas_altar_1, uniq_urug
D:13:     erik_vaults_2
D:14:     serial_park_paths, uniq_agnes
D:15:     hangedman_depths_entry_try_elsewhere_first, lemuel_round_altar,
          minmay_misc_feat_iff
Temple:   zaba_magenta_temple
Lair:1:   lab_entry_generic, uniq_sonja, uniq_fannar
Lair:2:   zaba_anthell, lemuel_fruit_tree, grunt_megastairs_1
Lair:3:   swamp_mist, minmay_snake_entry_six_corridors
Lair:4:   kb_forest_paths, serial_bayou_shore_b, uniq_josephine
Lair:5:   slime_dummy, enter_volcano_1
Lair:6:   evilmike_catoblepas_cave, ldierk_geyser, serial_bayou_pond_d,
          lemuel_fruit_fields
Swamp:1:  infiniplex_staircase_pool_2
Swamp:2:  evilmike_swamp_ruin_house_3
Swamp:3:  nicolae_swamp_stair_fork, swamp_pool4
Swamp:4:  swamp_vile, uniq_donald, uniq_louise, uniq_nikola
Snake:3:  minmay_shop_star
Snake:4:  grunt_snake_rune_spirals, serial_shops, nicolae_shop_stone,
          shop_statue, nrook_loot_triangle
Orc:1:    bloody_makhleb
Orc:2:    grunt_orc_community_town_hall, grunt_orc_community_big_house_2,
          grunt_orc_community_big_house_1, grunt_orc_community_house_1,
          grunt_orc_community_house_2, grunt_orc_community_house_1,
          grunt_orc_community_house_1, grunt_orc_community_house_1, basic_altar,
          uniq_rupert
Vaults:1: v_rooms_5, st_cells, grunt_vaults_twisty, ontoclasm_vaults_chip,
          mu_enter_wizlab_4, serial_shops, shop
Vaults:2: vaults_dpeg_ring, st_cross, nicolae_vaults_alarming,
          hangedman_vaults_variations, grunt_vaults_focal,
          ontoclasm_vaults_spin, nicolae_vaults_hallways_thing,
          nicolae_vaults_twisting_passages, ontoclasm_vaults_twist, v_pattern_5,
          nicolae_vaults_little_squares_1, minmay_crypt_entry_simple_box
Vaults:3: ontoclasm_vaults_ring_small, v_misc_16, grunt_vaults_diagonal,
          nicolae_vaults_display_case, dpeg_vaults_monster_row, v_misc_17,
          hangedman_vaults_corner, ontoclasm_vaults_ring_small,
          vaults_standard_mumra_enter_the_diamond,
          nicolae_vaults_network_quinsquares, ontoclasm_vaults_eye,
          ontoclasm_vaults_gateway, nicolae_vaults_asterisk,
          hangedman_vaults_hat, ontoclasm_vaults_idyll, serial_shops, shop
Vaults:4: vaults_room_ringed_pool, nicolae_vaults_big_ls,
          ontoclasm_vaults_tryst, vaults_dpeg_doors, nicolae_vaults_little_ls,
          hangedman_vaults_slice, dpeg_vaults_pockets_of_resistance, v_misc_23,
          nicolae_vaults_little_squares_4
Vaults:5: serial_shops
Depths:1: serial_shops, nicolae_shop_trees, serial_bayou_pond_e,
          grunt_mini_vestibule, minislime_mu
Depths:2: gammafunk_depths_water_palace, hell_entry, minmay_crystal_room,
          grunt_pan_entry_sceptre, minmay_liquid_box
Depths:3: minmay_smoke_and_mirrors, enter_ziggurat_d, rand_demon_pan_entry_9,
          serial_shops, bzr_entry_dummy, patterned_corridor, hell_entry,
          hangedman_decor_riveting
Depths:4: minmay_central_circle, pf_coc_iceberg, minmay_room_of_horrors,
          hangedman_abyss_or_decor_slice, lemuel_flamethrower_1, uniq_mennas,
          uniq_frederick
Depths:5: grunt_zot_entry_tricorne, grunt_hell_entry_dis_old,
          hangedman_abyss_or_decor_passed, dk_noncrumbling_3, spider_trap,
          minmay_misc_feat_tiny, serial_bayou_shore_b
Zot:1:    nicolae_zot_draconian_monastery, grunt_ministairs_1
Zot:2:    hangedman_zot_vaults_quadrants, lemuel_elevator
Zot:3:    lemuel_firehouse
Zot:4:    grunt_ministairs_11, st_small_dragon_hoard_2
Zot:5:    st_stairs_2, lemuel_flame_loot_1
Lab:      labyrinth_hidden_loot
Bazaar:   bazaar_kb_twisted_cavern
Volcano:  volcano_village
WizLab:   wizlab_doroklohe

Table legend:
 A = Turns spent in this place as a percentage of turns spent in the entire game.
 B = Non-inter-level travel turns spent in this place as a percentage of non-inter-level travel turns spent in the entire game.
 C = Inter-level travel turns spent in this place as a percentage of turns spent in this place.
 D = Turns resting spent in this place as a percentage of non-inter-level travel turns spent in this place.
 E = Turns spent auto-exploring this place as a percentage of non-inter-level travel turns spent in this place.
 F = Non-inter-level travel turns spent in this place divided by the number of levels of this place that you've seen.
                   A       B       C       D       E      F
               +-------+-------+-------+-------+-------+----------------------
         Total | 100.0 | 100.0 |   0.6 |   1.4 |   5.9 | 457.9
       Dungeon |  19.8 |  19.8 |   0.8 |   1.3 |   9.6 | 307.9
        Temple |   0.1 |   0.1 |   5.3 |   0.0 |  38.9 |  18.0
          Lair |  11.0 |  11.0 |   0.5 |   1.6 |   5.1 | 428.0
         Swamp |   8.3 |   8.3 |   0.8 |   2.4 |   2.7 | 482.2
     Snake Pit |   9.2 |   9.2 |   0.5 |   2.9 |   5.8 | 538.5
  Orcish Mines |   3.9 |   3.9 |   0.8 |   0.2 |   9.5 | 454.0
        Vaults |  15.5 |  15.5 |   0.5 |   0.7 |   6.4 | 725.4
        Depths |  13.6 |  13.6 |   0.5 |   1.1 |   4.9 | 636.4
           Zot |  12.3 |  12.3 |   0.7 |   1.5 |   4.8 | 573.2
     Labyrinth |   4.7 |   4.8 |   0.0 |   0.0 |   0.0 | 1110.0
        Bazaar |   0.3 |   0.3 |   0.0 |   0.0 |   0.0 |  75.0
       Volcano |   0.8 |   0.8 |   0.0 |   1.6 |   1.0 | 192.0
        Wizlab |   0.4 |   0.4 |   0.0 |   0.0 |   1.0 | 104.0
               +-------+-------+-------+-------+-------+----------------------

Table legend:
 A = Kills in this place as a percentage of kills in entire the game.
 B = Kills by you in this place as a percentage of kills by you in the entire game.
 C = Kills by friends in this place as a percentage of kills by friends in the entire game.
 D = Other kills in this place as a percentage of other kills in the entire game.
 E = Experience gained in this place as a percentage of experience gained in the entire game.
 F = Experience gained in this place divided by the number of levels of this place that you have seen.
                   A       B       C       D       E      F
               +-------+-------+-------+-------+-------+----------------------
         Total | 100.0 | 100.0 | 100.0 | 100.0 | 100.0 | 35844.4
       Dungeon |  18.1 |  18.1 |   0.0 |   0.0 |   3.9 | 4721.5
          Lair |  10.0 |  10.0 |   0.0 |   0.0 |   3.3 | 9942.2
         Swamp |   6.7 |   6.6 | 100.0 |  20.0 |   4.7 | 21342.8
     Snake Pit |   8.8 |   8.8 |   0.0 |   0.0 |   7.7 | 35076.2
  Orcish Mines |   7.0 |   7.0 |   0.0 |   0.0 |   1.2 | 10585.5
        Vaults |  19.2 |  19.2 |   0.0 |  40.0 |  22.4 | 81872.0
        Depths |  17.2 |  17.2 |   0.0 |  40.0 |  24.6 | 89859.2
           Zot |  12.5 |  12.6 |   0.0 |   0.0 |  32.2 | 117622.6
     Labyrinth |   0.0 |   0.0 |   0.0 |   0.0 |   0.1 | 1105.0
       Volcano |   0.4 |   0.4 |   0.0 |   0.0 |   0.1 | 2258.0
        Wizlab |   0.0 |   0.0 |   0.0 |   0.0 |   0.0 | 607.0
               +-------+-------+-------+-------+-------+----------------------
